 Dungeon Crawl Stone Soup version 0.19.1-1-g22dce08 (webtiles) character file.

28 SQman the Firebug (level 3, 0/25 HPs)
             Began as a Mummy Fire Elementalist on Jan 6, 2017.
             Was an Initiate of Vehumet.
             Slain by a jackal (1 damage)
             ... on level 2 of the Dungeon.
             The game lasted 00:08:36 (1527 turns).

SQman the Firebug (Mummy Fire Elementalist)         Turns: 1527, Time: 00:08:36

Health: 0/25       AC:  3    Str: 11    XL:     3   Next: 0%
Magic:  0/6        EV: 12    Int: 15    God:    Vehumet [......]
Gold:   17         SH:  0    Dex: 12    Spells: 2 memorised, 3 levels left

rFire  x . .     SeeInvis .     f - +0 dagger
rCold  + . .     Gourm    .     a - +0 robe
rNeg   + + +     Faith    .     (no shield)
rPois  ∞         Spirit   .     i - +0 helmet
rElec  .         Reflect  .     (no cloak)
rCorr  .         Harm     .     (no gloves)
MR     .....                    (no boots)
Stlth  ++........               (no amulet)
                                (no ring)
                                (no ring)

@: no status effects
A: no food or potions, fire vulnerability, cold resistance 1, negative energy
resistance 3, torment resistance, unbreathing
a: Renounce Religion


You were on level 2 of the Dungeon.
You worshipped Vehumet.
Vehumet was noncommittal.
You were not hungry.

You visited 1 branch of the dungeon, and saw 2 of its levels.

You collected 17 gold pieces.

Inventory:

Hand Weapons
 e - a +0 club
 f - a +0 dagger (weapon)
 g - a +0 mace
Missiles
 c - 57 stones (quivered)
Armour
 a - a +0 robe (worn)
 d - a +0 robe
 i - a +0 helmet (worn)
Scrolls
 h - a scroll of identify
Books
 b - a book of Flames

   Spells                             Type                      Level
   a - Flame Tongue                   Conjuration/Fire             1
   b - Throw Flame                    Conjuration/Fire             2
   c - Conjure Flame                  Conjuration/Fire             3
   d - Inner Flame                    Hexes/Fire                   3
   e - Sticky Flame                   Conjuration/Fire             4
   f - Fireball                       Conjuration/Fire             5


   Skills:
 + Level 0.4 Fighting
 + Level 0.4 Short Blades
 + Level 1.7 Dodging
 + Level 1.9 Stealth
 + Level 2.0 Spellcasting
 + Level 0.8 Conjurations
 + Level 2.9 Fire Magic


You had 3 spell levels left.
You knew the following spells:

 Your Spells              Type           Power        Failure   Level  Hunger
a - Flame Tongue          Conj/Fire      #....        12%         1    N/A
b - Throw Flame           Conj/Fire      #.....       17%         2    N/A

Dungeon Overview and Level Annotations

Branches:
Dungeon (2/15)

Altars:
Vehumet


Innate Abilities, Weirdness & Mutations

You do not eat or drink.
Your flesh is vulnerable to fire.
You are immune to poison.
Your flesh is cold resistant. (rC+)
You are immune to negative energy. (rN+++)
You are immune to unholy pain and torment.
You can survive without breathing.


Message History

Items here: ( )) † a dagger; a hunting sling; 15 stones; a goblin corpse The jackal completely misses you.
The jackal misses you.
Found a hand axe.
You see here 13 gold pieces.
The jackal bites you but does no damage.
The jackal closely misses you.
Casting: Flame Tongue
Confirm with . or Enter, or press ? or * to list all spells.
Aiming: Flame Tongue
Press: ? - help, Shift-Dir - straight line, f/p - jackal
Aim: a jackal The flame tongue hits the jackal.
The jackal is moderately wounded.
The jackal barely misses you. The jackal closely misses you.
The jackal bites you.
* * * LOW HITPOINT WARNING * * *
The jackal bites you.
You die...

#...).#######
# #####.#
#$## #..#
##.### #...#
#...# #h..#.+
#@)...#
#.....+
#...#.#
#.....+
#.....#
####..+ ..#
..+


You could see a jackal.

Vanquished Creatures
  2 bats (D:1)
  3 goblins
  6 hobgoblins
  3 jackals (D:2)
  A frilled lizard (D:1)
  5 kobolds (D:1)
  5 rats
25 creatures vanquished.

Notes
Turn   | Place    | Note
-------+----------+-------------------------------------------
     0 | D:1      | SQman the Mummy Fire Elementalist began the quest for the Orb.
     0 | D:1      | Reached XP level 1. HP: 13/13 MP: 3/3
   196 | D:1      | Reached XP level 2. HP: 14/19 MP: 1/5
   887 | D:1      | Learned a level 2 spell: Throw Flame
  1437 | D:2      | Found a radiant altar of Vehumet.
  1443 | D:2      | Became a worshipper of Vehumet
  1507 | D:2      | Reached XP level 3. HP: 3/25 MP: 0/6
  1507 | D:2      | HP: 1/25 [jackal (1)]
  1524 | D:2      | HP: 1/25 [jackal (1)]
  1527 | D:2      | Slain by a jackal

Action                   || total
-------------------------++-------
Melee: Dagger            ||    52
       Club              ||     6
Throw: Stone             ||    13
 Cast: Flame Tongue      ||    31
       Throw Flame       ||     3
  Use: Scroll            ||     7
 Stab: Sleeping          ||     1
Armor: Robe              ||    24
Dodge: Dodged            ||    79
